 Dungeon Crawl Stone Soup version 0.25-a0-940-gc6eaff51cc (webtiles) character file.

Game seed: 4941105966102875795, levelgen mode: deterministic

799 kae the Chiller (level 7, -3/46 HPs)
             Began as a Merfolk Ice Elementalist on May 5, 2020.
             Slain by an ogre
             ... wielding a +0 giant club
              (30 damage)
             ... on level 5 of the Dungeon.
             The game lasted 00:07:04 (6778 turns).

kae the Chiller (Merfolk Ice Elementalist)          Turns: 6778, Time: 00:07:04

Health: -3/46      AC:  6    Str:  8    XL:     7   Next: 90%
Magic:  9/13       EV: 13    Int: 16    God:
Gold:   266        SH:  5    Dex: 15    Spells: 7/14 levels left

rFire    . . .     SeeInvis .   e - +1 spear
rCold    . . .     Gourm    .   f - +1 buckler
rNeg     . . .     Faith    .   a - +0 robe
rPois    .         Spirit   .   (no helmet)
rElec    .         Reflect  .   (no cloak)
rCorr    +         Harm     .   h - +0 pair of gloves
MR       .....                  t - +2 pair of boots
Stlth    ++........             (no amulet)
HPRegen  0.15/turn              k - ring of resist corrosion
MPRegen  0.13/turn              (no ring)

@: frozen ramparts
A: change form in water, swift swim, stealthy swim
a: no special abilities


You were on level 5 of the Dungeon.
You were not hungry.

You visited 1 branch of the dungeon, and saw 5 of its levels.

You collected 266 gold pieces.

Inventory:

Hand Weapons
 e - a +1 spear (weapon)
 l - a +0 trident
Armour
 a - a +0 robe (worn)
 f - a +1 buckler (worn)
 h - a +0 pair of gloves (worn)
 t - a +2 pair of boots (worn)
Jewellery
 k - a ring of resist corrosion (left hand)
Scrolls
 d - a scroll of fog
 i - a scroll of teleportation
 m - 2 scrolls of identify
 n - a scroll of noise {unknown}
Potions
 b - 2 potions of curing
 g - 3 potions of stabbing
 j - 3 potions of brilliance
Comestibles
 c - 7 rations


   Skills:
 + Level 4.7 Polearms
 - Level 2.6 Dodging
 - Level 2.1 Stealth
 + Level 2.5 Shields
 + Level 4.2 Spellcasting
 * Level 7.8 Ice Magic


You had 7 spell levels left.
You knew the following spells:

 Your Spells              Type           Power        Failure   Level  Hunger
a - Freeze                Ice            ####         1%          1    None
b - Frozen Ramparts       Ice            ####..       2%          3    ###....
c - Ozocubu's Armour      Chrm/Ice       ###.....     12%         3    ###....

Your spell library contained the following spells:

 Spells                   Type           Power        Failure   Level  Hunger
 Hailstorm                Conj/Ice       ###.....     36%         4    ####...
 Summon Ice Beast         Ice/Summ       ###.....     36%         4    ####...


Dungeon Overview and Level Annotations

Branches:
Dungeon (5/15)
 Temple: D:4-7

Altars:
Qazlal
Uskayaw
Vehumet

Shops:
D:5 [


Message History

An ogre is nearby!
An ogre is nearby!
The ogre shouts!
Casting: Frozen Ramparts (dangerous; 2% risk of failure)
Confirm with . or Enter, or press ? or * to list all spells.
The walls around you are covered in ice.
The wall freezes the ogre.
The ogre closely misses you.
The wall freezes the ogre!
The ogre hits you with a +0 giant club!!
Casting: Frozen Ramparts (dangerous; 2% risk of failure)
Confirm with . or Enter, or press ? or * to list all spells.
Aiming: Freeze (safe; 1% risk of failure)
Press: ? - help, Shift-Dir - straight line, f - ogre
Aim: an ogre, wielding a +0 giant club (heavily wounded)
You freeze the ogre.
The ogre is severely wounded.
The wall freezes the ogre!
The ogre hits you with a +0 giant club!!
Ouch! That really hurt!
You die...

.###########..#
..............#
###.######.####.##
##..........# #.##
..###+###..# #..ยง
#.# #.# #.########
#.###.###.# #.....
#.'.._..'.# #.####
#@#######.# #.####
#O# ### #.# #.##..
#.#######.###.##.#
#............[##.#
#..........##..(..
################.#
##.# #... #.#.


You could see an ogre.

Vanquished Creatures
  2 phantoms (D:4)
  A sky beast (D:5)
  An ogre (D:4)
  Blork the orc (D:4)
  A howler monkey (D:4)
  A crimson imp (D:5)
  A hound (D:5)
  A bullfrog skeleton (D:5)
  Ijyb (D:3)
  A worker ant (D:4)
  Robin (D:2)
  8 adders
  An ooze (D:1)
  2 worms
  2 dart slugs
  3 leopard geckos
  4 orcs (D:4)
  8 bats
  6 giant cockroaches
  19 goblins
  7 hobgoblins
  9 jackals
  2 quokkas
  7 frilled lizards
  9 kobolds
  4 rats
103 creatures vanquished.

Notes
Turn   | Place    | Note
-------+----------+-------------------------------------------
     0 | D:1      | kae the Merfolk Ice Elementalist began the quest for the
                  | Orb.
     0 | D:1      | Reached XP level 1. HP: 13/13 MP: 3/3
   468 | D:1      | Reached XP level 2. HP: 15/19 MP: 0/5
  1089 | D:1      | Reached skill level 5 in Ice Magic
  1140 | D:1      | Reached XP level 3. HP: 24/24 MP: 3/6
  1560 | D:2      | Learned a level 3 spell: Frozen Ramparts
  1971 | D:2      | Reached XP level 4. HP: 30/30 MP: 3/8
  2075 | D:2      | Noticed Robin
  2087 | D:2      | Killed Robin
  2089 | D:2      | Reached skill level 1 in Polearms
  2506 | D:3      | Reached skill level 6 in Ice Magic
  2506 | D:3      | Reached XP level 5. HP: 27/35 MP: 2/9
  2844 | D:3      | Noticed Ijyb
  2857 | D:3      | Killed Ijyb
  3973 | D:4      | Reached XP level 6. HP: 41/41 MP: 9/11
  4091 | D:4      | Found a radiant altar of Vehumet.
  4121 | D:4      | Noticed a phantom
  4232 | D:4      | Killed a phantom
  4347 | D:4      | Reached skill level 1 in Shields
  4352 | D:4      | Learned a level 3 spell: Ozocubu's Armour
  4409 | D:4      | Noticed a phantom
  4473 | D:4      | Noticed Blork the orc
  4484 | D:4      | Killed Blork the orc
  4484 | D:4      | Reached skill level 7 in Ice Magic
  4484 | D:4      | Reached XP level 7. HP: 9/46 MP: 6/12
  4492 | D:4      | HP: 2/46 [phantom (5)]
  4950 | D:4      | Found a stormy altar of Qazlal.
  5464 | D:5      | Entered Level 5 of the Dungeon
  6333 | D:5      | Found Gegg's Armour Boutique.
  6766 | D:5      | Found a hide-covered altar of Uskayaw.
  6778 | D:5      | Slain by an ogre

Levels and vault maps discovered:
D:1:      minmay_arrival_solitary_statue, layout_basic
D:2:      layout_basic, first_ration, uniq_robin
D:3:      kennysheep_goblin_castle, layout_basic, minmay_box_of_dots
D:4:      layout_loops_corners, chequers_temple_overflow_statue_of_worship,
          uniq_blork_the_orc
D:5:      layout_loops_cross, lemuel_doored_altar, serial_shops, shop

Skill      XL: |  1  2  3  4  5  6  7 |
---------------+----------------------+-----
Ice Magic      | 5 6 7 |  7.8
Polearms       | 1 2 3 4 |  4.7
Spellcasting   | 3 4 |  4.2
Shields        | 1 2 |  2.5
Dodging        | |  2.6
Stealth        | |  2.1

Action                   |  1- 3 |  4- 6 |  7- 9 || total
-------------------------+-------+-------+-------++-------
Melee: Spear             |    35 |   113 |    65 ||   213
 Cast: Freeze            |    43 |    79 |    14 ||   136
       Frozen Ramparts   |       |     7 |    12 ||    19
Evoke: Wand              |       |       |    12 ||    12
  Use: Scroll            |       |     9 |     3 ||    12
       Potion            |       |     5 |       ||     5
 Stab: Sleeping          |    10 |     5 |     2 ||    17
  Eat: Chunk             |     4 |     8 |     2 ||    14
       Ration            |       |       |     2 ||     2
Armor: Robe              |    11 |    23 |    13 ||    47
       Skin              |       |    14 |       ||    14
Dodge: Dodged            |    34 |    50 |    25 ||   109
Block: Buckler           |       |     5 |    11 ||    16

Table legend:
 A = Non-vault XP
 B = Vault XP
 C = Vault XP percentage of total XP
 D = Non-vault monster count
 E = Vault monster count
 F = Vault count percentage of total count
                 A         B        C        D         E       F
            +---------+---------+-------+---------+---------+-------
      Total |     949 |     193 |  16.9 |      79 |      24 |  23.3
            +---------+---------+-------+---------+---------+-------
        D:1 |      48 |       0 |   0.0 |      25 |       0 |   0.0
        D:2 |      59 |      27 |  31.4 |      20 |       7 |  25.9
        D:3 |      71 |      66 |  48.2 |      14 |      16 |  53.3
        D:4 |     507 |     100 |  16.5 |      14 |       1 |   6.7
        D:5 |     264 |       0 |   0.0 |       6 |       0 |   0.0
            +---------+---------+-------+---------+---------+-------
